cohdb
Replays
Latest Replays
All Replays
Popular Replays
Top Player Replays
Match Explorer
How It Works
Community
CoH3 Stats
Reddit
Sign in to upload your games and track your stats! →
Sign in with Steam
20 kradschutzes versus the world (we win)
Match 32690323
Overview
Messages
Build Orders
End
Construct Infanterie Kompanie
Selects Italian Coastal Battlegroup
Selects Coastal Reserves
Coastal Reserve
MG 42 Machine Gun Team
Coastal Reserve
GrW 34 Mortar Team
Construct Luftwaffe Kompanie
Selects Artillery Officer
Coastal Reserve
Support Elements
Jäger Squad
Wirbelwind Flakpanzer
Selects Support Bunkers
Jäger Squad
Selects Rapid Fortifications
Rapid Fortifications
Anti-tank Bunker
Medical Bunker
Construct Panzer Kompanie
MG 42 Bunker
Selects Obice da 210/22 Artillery Emplacement
Rapid Fortifications
Panzer IV Medium Tank
Side Skirts
Rapid Fortifications
MG 42 Bunker
Anti-tank Bunker
Selects Bulwark
Selects Bulwark
Jäger Squad
Rapid Fortifications
Anti-tank Bunker
Panzer IV Medium Tank
Rapid Fortifications
Panzer IV Medium Tank
Rapid Fortifications
MG 42 Bunker
MG 42 Bunker
Panzer IV Medium Tank
Panzer Officer Quarters
MG 42 Bunker
Rapid Fortifications
Rapid Fortifications
Repair Bunker
NoZ
VaginaKing
kurwa pingwin
十三将士归玉门
no
OldBoy
Ra's al Ghul
SharkLuv3r
0
0
Comments
sign in to comment!
No comments posted yet!